 Dungeon Crawl Stone Soup version 0.29.0-4-gdea44cf6ec (webtiles) character file.

Game seed: 3712569439081880996

637 qw the Chopper (level 7, -2/64 HPs)
             Began as a Gargoyle Berserker on Sept 4, 2022.
             Was a Believer of Trog.
             Slain by a gnoll
             ... wielding a +0 halberd
             ... led by a gnoll sergeant
              (10 damage)
             ... on level 5 of the Dungeon.
             The game lasted 00:01:35 (4867 turns).

qw the Chopper (Gargoyle Berserker)                 Turns: 4867, Time: 00:01:35

Health: -2/64      AC: 17    Str: 31    XL:     7   Next: 50%
Magic:  7/7        EV:  6    Int:  5    God:    Trog [**....]
Gold:   267        SH:  8    Dex:  7    Spells: 6/6 levels left

rFire   . . .      SeeInvis +   Y - +1 hand axe
rCold   . . .      Faith    .   d - +0 kite shield
rNeg    + . .      Spirit   .   k - +0 plate armour
rPois   inf        Reflect  .   (no helmet)
rElec   +          Harm     .   (no cloak)
rCorr   .          Rampage  .   e - +0 pair of gloves
Will    .....                   (no boots)
Stlth   ..........              (no amulet)
HPRegen 0.20/turn               l - ring of see invisible
MPRegen 0.10/turn               (no ring)

@: berserking (expiring), very quick
A: sickness immunity, AC +4, negative energy resistance 1, electricity
resistance, torment resistance 1, petrification resistance, strong 2
a: Renounce Religion, Berserk, Trog's Hand


You were on level 5 of the Dungeon.
You worshipped Trog.
Trog was pleased with you.
You visited 1 branch of the dungeon, and saw 5 of its levels.
You also visited: Sewer.

You collected 267 gold pieces.


Innate Abilities, Weirdness & Mutations

You are immune to sickness and miasma.
Your stone body is resilient. (AC +4)
You are immune to poison.
You resist negative energy. (rN+)
You are resistant to electric shocks. (rElec)
You are resistant to unholy torment.
You are immune to petrification.
Your muscles are very strong. (Str +8, Int/Dex -2)


   Skills:
 - Level 4.0 Fighting
 - Level 5.5 Axes
 - Level 3.2 Armour
 - Level 1.5 Dodging
 + Level 5.1 Shields


You had 6 spell levels left.
You didn't know any spells.
Your spell library was empty.

Inventory:

Hand Weapons
 j - a +0 whip
 Y - a +1 hand axe (weapon)
Armour
 d - a +0 kite shield (worn)
 e - a +0 pair of gloves (worn)
 k - a +0 plate armour (worn)
Jewellery
 l - a ring of see invisible (left hand)
Scrolls
 g - a scroll of identify
 h - a scroll of teleportation
Potions
 a - 2 potions of heal wounds
 b - a potion of haste
 c - 3 potions of curing
 f - a potion of mutation
 m - a potion of might
 n - a potion of magic {unknown}
 q - a potion of brilliance {unknown}

Dungeon Overview and Level Annotations

Branches:
Dungeon (5/15)              Sewer (visited)
 Temple: D:4-7

Altars:
Nemelex Xobeh


Message History

The gnoll bouda gazes fiercely through you!
You feel your attacks grow feeble. You block the gnoll's attack. x2
The gnoll sergeant hits you with a +1 vorpal spear!
You hit the gnoll sergeant but do no damage.
The gnoll sergeant is lightly wounded.
The gnoll hits you but does no damage. You block the gnoll's attack.
The gnoll sergeant barely misses you. The gnoll hits you but does no damage.
The gnoll sergeant hits you with a +1 vorpal spear.
You block the gnoll's attack.
You hit the gnoll sergeant.
The gnoll sergeant is lightly wounded.
A gnoll comes into view. It is wielding a +0 halberd.
The gnoll hits you but does no damage.
The gnoll hits you from afar with a +0 halberd!
The gnoll sergeant completely misses you.
4863 ||| INVOKING Berserk.
A red film seems to cover your vision as you go berserk!
You feel yourself moving faster!
You feel mighty! You block the gnoll's attack.
The gnoll hits you from afar with a +0 halberd.
The gnoll sergeant hits you with a +1 vorpal spear.
You slash the gnoll sergeant!
The gnoll sergeant is severely wounded.
You closely miss the gnoll sergeant.
The gnoll sergeant is severely wounded.
You block the gnoll's attack.
The gnoll sergeant hits you with a +1 vorpal spear.
You block the gnoll's attack.
You barely miss the gnoll sergeant.
The gnoll sergeant is severely wounded.
The gnoll barely misses you. You block the gnoll sergeant's attack.
The gnoll hits you from afar with a +0 halberd.
You slash the gnoll sergeant!
You kill the gnoll sergeant!
Trog accepts your kill.
Your attacks no longer feel as feeble.
You block the gnoll's attack.
The gnoll hits you from afar with a +0 halberd!
You die... .... ... .g. ###gg .gg## ##$ ggg

.#5 #)# ..
#@###.#
#)....#
#.##### #.#
#.# #.#
##)##########
#.).........#
#.#########.#


You could see a gnoll bouda and 7 gnolls.

Vanquished Creatures
  Duvessa (D:5)
  Pargi (Sewer)
  A scorpion (D:4)
  A gnoll sergeant (D:5)
  Dowan (D:5)
  4 orc priests (D:5)
  A hound (D:4)
  Jessica (D:2)
  An orc wizard (D:5)
  5 adders
  A gnoll (D:5)
  4 worms
  An orc (D:4)
  5 ball pythons
  5 endoplasms
  4 giant cockroaches
  8 goblins
  4 hobgoblins
  3 jackals (D:4)
  5 quokkas
  12 bats
  2 frilled lizards
  A goblin zombie (D:4)
  7 kobolds
  A rat (D:1)
  A rat zombie (D:4)
81 creatures vanquished.

Notes
Turn   | Place    | Note
-------+----------+-------------------------------------------
     0 | D:1      | qw the Gargoyle Berserker began the quest for the Orb.
     0 | D:1      | Reached XP level 1. HP: 14/14 MP: 1/1
     0 | D:1      | 0 ||| qw: Version: 0.1-a-103-gd6f5d3a
     0 | D:1      | 0 ||| qw: Game counter: 5761
     0 | D:1      | 0 ||| qw: Always use a shield: true
     0 | D:1      | 0 ||| qw: Do Orc after D:15 true
     0 | D:1      | 0 ||| qw: Do second Lair branch before Depths: true
     0 | D:1      | 0 ||| qw: Lair rune preference: random
     0 | D:1      | 0 ||| qw: Plans: Normal
     0 | D:1      | 0 ||| PLANNING D:1-11
   157 | D:1      | Reached skill level 3 in Axes
   327 | D:1      | Reached XP level 2. HP: 19/19 MP: 2/2
   877 | D:1      | 877 ||| UPGRADING to +0 leather armour of willpower.
   887 | D:1      | 887 ||| DROPPING +0 animal skin.
   888 | D:1      | 888 ||| READING scroll labelled LARAYD BORRU.
   889 | D:1      | 889 ||| READING scroll labelled ANELEH LISU.
   890 | D:1      | 890 ||| DRINKING 2 purple potions.
   933 | D:2      | Noticed Jessica
   934 | D:2      | 934 ||| Stepping ~*~*~tactically~*~*~ (hiding).
   940 | D:2      | 940 ||| INVOKING Berserk.
   942 | D:2      | Killed Jessica
   943 | D:2      | Reached XP level 3. HP: 10/23 MP: 3/3
  1165 | D:2      | Found a faded altar of an unknown god.
  1274 | D:2      | 1274 ||| DROPPING +0 club.
  1286 | D:2      | Found a sparkling altar of Nemelex Xobeh.
  1435 | D:2      | Reached XP level 4. HP: 27/28 MP: 4/4
  2076 | D:2      | Identified the +9 sling of Moderation {flame, rElec Str+2}
  2187 | D:2      | 2187 ||| UPGRADING to +0 pair of gloves.
  2192 | D:2      | 2192 ||| UPGRADING to +0 ring mail.
  2202 | D:2      | 2202 ||| DROPPING +0 leather armour of willpower.
  2203 | D:2      | 2203 ||| READING 2 scrolls labelled ABEN ZEWKEA.
  2207 | D:2      | 2207 ||| READING scroll labelled IFECHA ROAZ.
  2208 | D:2      | 2208 ||| READING scroll labelled QOQUJO BIMAYTRO.
  2209 | D:2      | 2209 ||| READING scroll labelled SAAGGO PERABB.
  2216 | D:3      | Found a glowing drain.
  2217 | D:3      | 2217 ||| PLANNING SEWER
  2220 | D:3      | 2220 ||| STAIRDANCE
  2227 | D:3      | 2227 ||| STAIRDANCE
  2299 | Sewer    | Entered a sewer
  2347 | Sewer    | Noticed Pargi
  2360 | Sewer    | 2360 ||| INVOKING Berserk.
  2362 | Sewer    | Killed Pargi
  2363 | Sewer    | Reached XP level 5. HP: 22/32 MP: 5/5
  2563 | Sewer    | 2563 ||| UPGRADING to +0 kite shield.
  2576 | D:3      | 2576 ||| PLANNING D:1-11
  2753 | D:3      | 2753 ||| Stepping ~*~*~tactically~*~*~ (stealth).
  2754 | D:3      | 2754 ||| Stepping ~*~*~tactically~*~*~ (stealth).
  2801 | D:3      | Reached ** piety under Trog
  3399 | D:3      | Reached skill level 1 in Shields
  3419 | D:3      | Identified the +3 ring mail "Pane" {rC+ Int-5 SInv}
  3459 | D:3      | 3459 ||| UPGRADING to +3 ring mail "Pane" {rC+ Int-5 SInv}.
  3469 | D:3      | 3469 ||| DROPPING +0 ring mail.
  3470 | D:3      | 3470 ||| READING scroll labelled LEAG KAXUWNI.
  3471 | D:3      | 3471 ||| READING scroll labelled HYTHRE EPIARPH.
  3472 | D:3      | 3472 ||| DRINKING 2 fuming green potions.
  3473 | D:3      | 3473 ||| DRINKING 2 coppery potions.
  3473 | D:3      | Gained mutation: Your muscles are strong. (Str +4, Int/Dex
                  | -1) [potion of mutation]
  3473 | D:3      | Lost intelligence.
  3473 | D:3      | Gained mutation: Your muscles are very strong. (Str +8,
                  | Int/Dex -2) [potion of mutation]
  3477 | D:3      | 3477 ||| REMOVING +3 ring mail "Pane" {rC+ Int-5 SInv}.
  3482 | D:3      | 3482 ||| DRINKING 3 glowing amethyst potions.
  3513 | D:3      | 3513 ||| READING 3 scrolls of identify.
  3513 | D:3      | 3513 ||| IDENTIFYING red potion
  3514 | D:3      | 3514 ||| READING 2 scrolls of identify.
  3514 | D:3      | 3514 ||| IDENTIFYING murky emerald potion
  3515 | D:3      | 3515 ||| DROPPING potion of ambrosia.
  3516 | D:3      | 3516 ||| DROPPING 2 potions of lignification.
  3559 | D:4      | 3559 ||| PLANNING OSSUARY
  3588 | D:4      | 3588 ||| Stepping ~*~*~tactically~*~*~ (stealth).
  3595 | D:4      | Reached XP level 6. HP: 37/37 MP: 6/6
  4010 | D:4      | Reached skill level 3 in Shields
  4251 | D:4      | 4251 ||| Stepping ~*~*~tactically~*~*~ (stealth).
  4252 | D:4      | 4252 ||| Stepping ~*~*~tactically~*~*~ (stealth).
  4292 | D:4      | 4292 ||| RIP OSSUARY
  4333 | D:4      | 4333 ||| PLANNING D:1-11
  4519 | D:4      | 4519 ||| UPGRADING to +0 plate armour.
  4524 | D:4      | 4524 ||| DROPPING +3 ring mail "Pane" {rC+ Int-5 SInv}.
  4525 | D:4      | 4525 ||| UPGRADING to ring of see invisible.
  4526 | D:4      | 4526 ||| READING scroll labelled JAGHITO COVA.
  4527 | D:4      | 4527 ||| DRINKING 2 orange potions.
  4528 | D:4      | 4528 ||| READING 2 scrolls of identify.
  4528 | D:4      | 4528 ||| IDENTIFYING inky potion
  4529 | D:4      | 4529 ||| DROPPING potion of attraction.
  4557 | D:5      | Entered Level 5 of the Dungeon
  4564 | D:5      | Noticed Duvessa
  4564 | D:5      | Noticed Dowan
  4566 | D:5      | 4566 ||| Stepping ~*~*~tactically~*~*~ (hiding).
  4567 | D:5      | 4567 ||| INVOKING Berserk.
  4573 | D:5      | Killed Duvessa
  4574 | D:5      | Reached XP level 7. HP: 41/41 MP: 7/7
  4587 | D:5      | Killed Dowan
  4710 | D:5      | 4710 ||| Stepping ~*~*~tactically~*~*~ (hiding).
  4713 | D:5      | 4713 ||| INVOKING Berserk.
  4728 | D:5      | Reached skill level 3 in Armour
  4849 | D:5      | 4849 ||| Stepping ~*~*~tactically~*~*~ (stealth).
  4850 | D:5      | 4850 ||| Stepping ~*~*~tactically~*~*~ (hiding).
  4863 | D:5      | 4863 ||| INVOKING Berserk.
  4863 | D:5      | HP: 16/64 [gnoll sergeant/+1 vorpal spear (2)]
  4867 | D:5      | Slain by a gnoll

Levels and vault maps discovered:
D:1:      lemuel_arrival_lava_pool, layout_basic, serial_bayou_pond_a,
          minmay_tiny_reverse_x
D:2:      layout_basic, dreamdust_ecumenical_altar_hidden_monk_grotto,
          basic_altar, uniq_jessica
D:3:      minmay_door_path, layout_basic, portal_sewer_entry_f,
          amcnicky_mini_rare_corridor_liquid
D:4:      layout_cave_pools, enter_ossuary_4
D:5:      cheibrodos_quashed, layout_loops_ring, uniq_duvessa, uniq_pikel

Skill      XL: |  1  2  3  4  5  6  7 |
---------------+----------------------+-----
Axes           | 3 4 5 |  5.5
Shields        | 2 4 5 |  5.1
Armour         | 3 |  3.2
Fighting       | 4 |  4.0
Dodging        | |  1.5

Action                   |  1- 3 |  4- 6 |  7- 9 || total
-------------------------+-------+-------+-------++-------
Melee: Hand axe          |    60 |   193 |    41 ||   294
Throw: Boomerang         |     4 |    39 |       ||    43
Invok: Berserk           |     1 |     2 |     2 ||     5
  Use: Scroll            |     2 |    10 |       ||    12
       Potion            |     1 |     4 |       ||     5
Armor: Animal skin       |     8 |       |       ||     8
       Leather armour    |    17 |    13 |       ||    30
       Ring mail         |       |    61 |       ||    61
       Skin              |       |    16 |       ||    16
       Plate armour      |       |       |    17 ||    17
Dodge: Dodged            |    23 |   117 |    12 ||   152
Block: Kite shield       |       |    41 |    19 ||    60

Table legend:
 A = Non-vault XP
 B = Vault XP
 C = Vault XP percentage of total XP
 D = Non-vault monster count
 E = Vault monster count
 F = Vault count percentage of total count
                 A         B        C        D         E       F
            +---------+---------+-------+---------+---------+-------
      Total |     580 |     409 |  41.4 |      60 |      21 |  25.9
            +---------+---------+-------+---------+---------+-------
        D:1 |      18 |       3 |  14.3 |      10 |       2 |  16.7
        D:2 |      47 |      43 |  47.8 |      12 |       4 |  25.0
        D:3 |      17 |      10 |  37.0 |      10 |       4 |  28.6
        D:4 |     202 |       2 |   1.0 |      21 |       2 |   8.7
        D:5 |     296 |     211 |  41.6 |       7 |       2 |  22.2
      Sewer |       0 |     140 | 100.0 |       0 |       7 | 100.0
            +---------+---------+-------+---------+---------+-------
